 Dungeon Crawl Stone Soup version 0.31-a0-339-gda1cbd555d (webtiles) character file.

Game seed: 10006395664203154280

15225 freelancePsychic the Frost Mage (level 11, -3/71 HPs)
             Began as a Deep Elf Ice Elementalist on July 20, 2023.
             Was an Elder of Vehumet.
             Slain by a cane toad (17 damage)
             ... on level 2 of the Lair of Beasts.
             The game lasted 00:25:51 (12776 turns).

freelancePsychic the Frost Mage (DEIE)             Turns: 12776, Time: 00:25:52

Health: -3/71      AC: 18    Str:  5    XL:     11   Next: 99%
Magic:  19/25      EV: 19    Int: 31    God:    Vehumet [****..]
Gold:   675        SH:  0    Dex: 15    Spells: 9/26 levels left

rFire   . . .        j - +3 dagger (venom)
rCold   + . .        (no shield)
rNeg    . . .        K - +1 leather armour {rC+}
rPois   .            l - +0 helmet
rElec   .            (no cloak)
rCorr   .            B - +2 pair of gloves
SInv    .            f - +0 pair of boots
Will    +....        c - amulet of regeneration
Stlth   +++          i - +6 ring of intelligence
HPRegen 1.11/turn    h - +5 ring of evasion
MPRegen 0.19/turn

%: no passive effects
@: lethally poisoned (-3 -> -6), ice-armoured, freezing walls
A: no striking features
a: Renounce Religion


You were on level 2 of the Lair of Beasts.
You worshipped Vehumet.
Vehumet was greatly pleased with you.
You visited 3 branches of the dungeon, and saw 14 of its levels.

You collected 779 gold pieces.
You spent 104 gold pieces at shops.

Inventory:

Hand Weapons
 j - a +3 dagger of venom (weapon)
Missiles
 e - 2 curare-tipped darts
 o - 2 throwing nets
Armour
 f - a +0 pair of boots (worn)
 l - a +0 helmet (worn)
 B - a +2 pair of gloves (worn)
 G - +0 swamp dragon scales
 K - a +1 leather armour of cold resistance (worn)
Jewellery
 c - an amulet of regeneration (around neck)
 h - a +5 ring of evasion (right hand)
 i - a +6 ring of intelligence (left hand)
 s - a ring of ice
 y - a +6 ring of intelligence
 D - a ring of positive energy
 M - a +5 ring of evasion
 S - a ring of resist corrosion
Wands
 x - a wand of charming (8)
 A - a wand of flame (70)
 H - a wand of light (8)
 I - a wand of mindburst (2)
Scrolls
 g - a scroll of blinking
 k - a scroll of enchant weapon
 n - 6 scrolls of teleportation {@r4}
 v - a scroll of fear
 E - a scroll of brand weapon
 F - 2 scrolls of vulnerability
 J - 3 scrolls of poison
 L - 2 scrolls of noise
 O - a scroll of summoning
 Q - a scroll of fog
 R - a scroll of identify {@r1}
Potions
 a - a potion of resistance {unknown}
 b - 2 potions of might
 d - 2 potions of mutation
 m - 3 potions of attraction
 p - a potion of brilliance
 q - 3 potions of heal wounds {unknown}
 r - 2 potions of haste {unknown}
 t - 7 potions of curing {@q1}
 u - 3 potions of ambrosia {unknown}
 z - a potion of cancellation {unknown}
 C - 3 potions of degeneration {unknown}
 P - a potion of enlightenment {unknown}


   Skills:
 + Level 9.2 Fighting
 + Level 7.2 Dodging
 - Level 5.1 Stealth
 + Level 8.1 Spellcasting
 - Level 1.6 Conjurations
 - Level 5.0 Summonings
 - Level 3.4 Transmutations
 - Level 3.3 Fire Magic
 - Level 12.8 Ice Magic
 - Level 2.8 Air Magic
 - Level 3.3 Poison Magic


You had 9 spell levels left.
You knew the following spells:

 Your Spells              Type           Power      Damage    Failure   Level
a - Freeze                Ice            100%       1d10      1%          1
b - Frozen Ramparts       Ice            100%       1d16      1%          3
c - Ozocubu's Armour      Ice            75%        N/A       1%          3
d - Summon Ice Beast      Ice/Summ       61%        N/A       1%          4
e - Mephitic Cloud        Conj/Pois/Air  28%        N/A       1%          3
h - Ignite Poison         Fire/Tmut/Pois 33%        N/A       1%          3

Your spell library contained the following spells:

 Spells                   Type           Power      Damage    Failure   Level
 Hailstorm                Conj/Ice       55%        3d12      1%          3
 Ensorcelled Hibernation  Hex/Ice        100%       N/A       1%          2
 Passwall                 Tmut/Erth      19%        N/A       4%          2
 Stone Arrow              Conj/Erth      34%        3d9       4%          3
 Swiftness                Air            30%        N/A       6%          3
 Metabolic Englaciation   Hex/Ice        25%        N/A       13%         5
 Gell's Gravitas          Tloc           12%        N/A       21%         3
 Teleport Other           Tloc           12%        N/A       21%         3
 Animate Armour           Summ/Erth      56%        N/A       24%         4
 Anguish                  Hex/Necr       6%         N/A       54%         4
 Cause Fear               Hex            6%         N/A       54%         4
 Simulacrum               Ice/Necr       25%        N/A       58%         6
 Dispersal                Tloc           6%         N/A       100%        6
 Enfeeble                 Hex            6%         N/A       100%        7
 Lehudib's Crystal Spear  Conj/Erth      8%         10d4      100%        8


Dungeon Overview and Level Annotations

Branches:
Dungeon (11/15)            Temple (1/1) D:5            Lair (2/5) D:9
  Swamp: Lair:2-3    Shoals: Lair:2-3     Snake: Lair:2-3    Spider: Lair:2-3
    Orc: D:9-12

Altars:
Ashenzari
Cheibriados
Dithmenos
Elyvilon
Fedhas
Gozag
Hepliaklqana
Kikubaaqudgha
Makhleb
Okawaru
Qazlal
Ru
Sif Muna
Trog
Uskayaw
Vehumet
Wu Jian
Xom
Yredelemnul
Zin
The Shining One

Shops:
D:6 (   D:9 :

Annotations:
D:2 Sigmund
D:11 Lodul, Snorg


Message History

The wall freezes the elephant.
The elephant tramples you but does no damage.
The elephant trunk-slaps you but does no damage.
Casting: Ozocubu's Armour (safe; 1% risk of failure)
Confirm with . or Enter, or press ? or * to list all spells.
You ignite the poison in your surroundings!
The elephant seems to burn from within!!!
You kill the elephant!
Vehumet accepts your kill.
The frozen ramparts melt away.
Your icy armour starts to melt.
Your icy armour evaporates.
You see here an elephant corpse.
A cane toad comes into view.
A cane toad is nearby!
A cane toad is nearby!
The cane toad stings you!
You are poisoned.
The cane toad poisons you!
Casting: Ignite Poison (safe; 1% risk of failure)
Confirm with . or Enter, or press ? or * to list all spells.
Casting: Frozen Ramparts (safe; 1% risk of failure)
Press: ? - help, Dir - look around, f - activate The walls around you are covered in ice.
You feel very sick.
The wall freezes the cane toad.
The cane toad stings you!!
The wall freezes the cane toad but does no damage.
The cane toad stings you!
* * * LOW HITPOINT WARNING * * *
Casting: Frozen Ramparts (safe; 1% risk of failure)
Confirm with . or Enter, or press ? or * to list all spells.
A film of ice covers your body!
You feel very sick.
The wall freezes the cane toad!
The cane toad seems to slow down.
The cane toad misses you.
You barely miss the cane toad.
The cane toad is heavily wounded.
You feel very sick.
The wall freezes the cane toad.
The cane toad stings you!
You die...

#### #### ##P.#####P.#
## ##..........# #####P
#..........####.....
#...........†......#
..P##..........####..#.#
......F@.......# ######
..##.#.........#
#.........# ##.........#
###.#.#..## ####...# ###
# #.## .#PP### ..#
....... .......


You could see a cane toad (slow).

Vanquished Creatures
  A boulder beetle (Lair:1)
  A two-headed ogre (D:10)
  Pikel (D:5)
  3 elephants
  A black mamba (Lair:1)
  A cane toad (Lair:2)
  Maggie (D:7)
  2 komodo dragons
  A kobold demonologist (D:10)
  A polar bear (Lair:2)
  A troll (D:10)
  11 yaks
  A basilisk (Lair:1)
  A wraith (D:10)
  A wyvern (Lair:2)
  A steam dragon (Lair:1)
  2 wargs (D:9)
  4 swamp worms (D:10)
  5 water moccasins
  2 black bears
  An orc warrior (D:10)
  An ice beast (D:5)
  A sky beast (D:7)
  2 lemures (D:5)
  2 ogres
  7 centaurs
  A kobold brigand (D:9)
  Blork the orc (D:6)
  4 bullfrogs
  3 scorpions
  8 wights
  11 killer bees
  4 howler monkeys
  2 hounds (D:6)
  4 orc priests
  3 jellies
  An iguana (D:7)
  Natasha (thrice) (D:3)
  7 orc wizards
  Robin (D:2)
  11 gnolls
  7 adders
  2 shadow imps (D:6)
  An ufetubus (D:6)
  2 worms
  3 dart slugs (D:1)
  23 orcs
  9 bats
  6 endoplasms
  6 giant cockroaches
  17 goblins
  8 hobgoblins
  9 jackals
  3 quokkas
  5 ball pythons
  8 frilled lizards
  20 kobolds
  2 orc zombies (D:11)
  4 rats
255 creatures vanquished.

Vanquished Creatures (collateral kills)
  A two-headed ogre (D:8)
  Joseph (D:7)
  A komodo dragon (D:11)
  5 yaks
  2 steam dragons
  2 orc warriors
  A black bear (D:8)
  An ice beast (D:6)
  A sky beast (D:8)
  2 ogres
  A bullfrog (D:8)
  A scorpion (D:6)
  5 wights
  A howler monkey (D:9)
  2 jellies (D:7)
  3 orc priests (D:9)
  3 sleepcaps
  An iguana (D:6)
  2 orc wizards
  A nameless horror (D:9)
  An adder (D:6)
  7 orcs
45 creatures vanquished.

Grand Total: 300 creatures vanquished

Notes
Turn   | Place    | Note
-------+----------+-------------------------------------------
     0 | D:1      | freelancePsychic the Deep Elf Ice Elementalist began the
                  | quest for the Orb.
     0 | D:1      | Reached XP level 1. HP: 10/10 MP: 6/6
   110 | D:1      | Reached XP level 2. HP: 16/16 MP: 5/8
   222 | D:1      | Reached skill level 5 in Ice Magic
   303 | D:1      | Reached skill level 1 in Fighting
   418 | D:1      | Reached XP level 3. HP: 20/20 MP: 7/9
   642 | D:1      | Learned a level 3 spell: Frozen Ramparts
   646 | D:1      | Learned a level 3 spell: Ozocubu's Armour
  1073 | D:2      | Noticed Robin
  1111 | D:2      | Killed Robin
  1112 | D:2      | Reached XP level 4. HP: 21/25 MP: 4/10
  1335 | D:2      | Noticed Sigmund
  1653 | D:3      | Reached skill level 6 in Ice Magic
  1710 | D:3      | Reached XP level 5. HP: 30/30 MP: 4/12
  1910 | D:3      | Found a shadowy altar of Dithmenos.
  1911 | D:3      | Found a glowing silver altar of Zin.
  1912 | D:3      | Found a snail-covered altar of Cheibriados.
  2043 | D:3      | Noticed Natasha
  2050 | D:3      | Killed Natasha
  2091 | D:3      | Found an iron altar of Okawaru.
  2164 | D:3      | Noticed Natasha
  2168 | D:3      | Killed Natasha
  2454 | D:3      | Noticed Natasha
  2464 | D:3      | Killed Natasha
  2465 | D:3      | Reached XP level 6. HP: 36/36 MP: 10/14
  2798 | D:4      | Found a stormy altar of Qazlal.
  2798 | D:4      | Found a burning altar of Makhleb.
  2847 | D:4      | Reached skill level 7 in Ice Magic
  2936 | D:4      | Found an ornate altar of the Wu Jian Council.
  3046 | D:4      | Reached skill level 1 in Summonings
  3046 | D:4      | Reached XP level 7. HP: 41/41 MP: 7/15
  3170 | D:4      | Reached skill level 8 in Ice Magic
  3241 | D:4      | Found an opulent altar of Gozag.
  3502 | D:4      | Found a broken altar of Ashenzari.
  3577 | D:5      | Entered Level 5 of the Dungeon
  3733 | D:5      | Found a staircase to the Ecumenical Temple.
  3794 | D:5      | Found a sacrificial altar of Ru.
  3800 | D:5      | Noticed Pikel
  3814 | Temple   | Entered the Ecumenical Temple
  3823 | Temple   | Became a worshipper of Vehumet
  3845 | D:5      | Killed Pikel
  3846 | D:5      | Reached skill level 9 in Ice Magic
  3846 | D:5      | Reached XP level 8. HP: 40/48 MP: 10/16
  3891 | D:5      | Learned a level 4 spell: Summon Ice Beast
  4601 | D:5      | Reached skill level 10 in Ice Magic
  4957 | D:6      | Found a blossoming altar of Fedhas.
  5266 | D:6      | Reached skill level 5 in Fighting
  5266 | D:6      | Reached skill level 5 in Summonings
  5266 | D:6      | Reached XP level 9. HP: 21/54 MP: 9/17
  5398 | D:6      | Noticed Blork the orc
  5406 | D:6      | Killed Blork the orc
  5406 | D:6      | Reached * piety under Vehumet
  5406 | D:6      | Offered knowledge of Sandblast by Vehumet.
  5674 | D:6      | Found a transporter.
  5678 | D:6      | Found Zunn's Antique Weapon Shop.
  5721 | D:6      | Reached skill level 11 in Ice Magic
  5928 | D:6      | Found a transporter.
  6184 | D:7      | Noticed Maggie
  7023 | D:7      | Noticed Joseph
  7050 | D:7      | Killed Joseph
  7051 | D:7      | Reached skill level 12 in Ice Magic
  7541 | D:7      | Found a hide-covered altar of Uskayaw.
  7795 | D:7      | Killed Maggie
  7796 | D:7      | Reached XP level 10. HP: 34/61 MP: 8/18
  7993 | D:8      | Noticed a two-headed ogre
  8004 | D:8      | Killed a two-headed ogre
  8180 | D:8      | Offered knowledge of Shock by Vehumet.
  8182 | D:8      | Reached ** piety under Vehumet
  8374 | D:8      | You fall into a shaft and drop 1 floor!
  8385 | D:9      | Identified the +1 mace "Ygreacoj" {flame, Contam rElec
                  | Str+3}
  8685 | D:8      | Found a shimmering blue altar of Sif Muna.
  9060 | D:9      | Reached skill level 5 in Stealth
  9116 | D:9      | Offered knowledge of Ignite Poison by Vehumet.
  9121 | D:9      | Learned a level 3 spell: Ignite Poison
  9187 | D:9      | Found a staircase to the Lair.
  9437 | D:9      | Found Xinil's Tiny Tomes.
  9442 | D:9      | Bought the Directory of the Black Widow for 104 gold pieces
  9446 | D:9      | Learned a level 3 spell: Mephitic Cloud
  9545 | D:10     | Entered Level 10 of the Dungeon
  9608 | D:10     | Reached skill level 1 in Transmutations
  9608 | D:10     | Reached skill level 1 in Fire Magic
  9608 | D:10     | Reached skill level 1 in Poison Magic
  9617 | D:10     | Noticed a two-headed ogre
  9774 | D:9      | Reached skill level 1 in Conjurations
  9916 | D:10     | Killed a two-headed ogre
  9917 | D:10     | Reached skill level 1 in Air Magic
 10082 | D:10     | Reached XP level 11. HP: 68/68 MP: 12/19
 10083 | D:10     | Reached *** piety under Vehumet
 10212 | D:10     | Found a basalt altar of Yredelemnul.
 10299 | D:10     | Reached skill level 5 in Spellcasting
 10774 | D:10     | Offered knowledge of Hailstorm by Vehumet.
 11040 | D:11     | Noticed Lodul
 11105 | D:11     | Noticed Snorg
 11214 | Lair:1   | Entered Level 1 of the Lair of Beasts
 11358 | Lair:1   | Reached skill level 5 in Dodging
 11547 | Lair:1   | Noticed a boulder beetle
 11560 | Lair:1   | Killed a boulder beetle
 12601 | Lair:2   | Reached **** piety under Vehumet
 12776 | Lair:2   | Slain by a cane toad

Illustrated notes

Levels and vault maps discovered:
D:1:      scummos_arrival_simple_crosswalls, layout_rooms
D:2:      layout_rooms, uniq_robin, uniq_sigmund
D:3:      layout_basic, nicolae_overflow_hidden_temple, uniq_natasha
D:4:      layout_cave_pools, marbit_many_paths, amcnicky_altar_gilded,
          nicolae_gozag_cash_rules_everything_around_me,
          gammafunk_temple_overflow_elements
D:5:      layout_loops_corners, nicolae_ru_sacrificial_ziggurat,
          minmay_temple_entry_waves, chequers_mini_garden, uniq_pikel
D:6:      layout_gridville, fedhas_altar_2, serial_shops,
          nicolae_shop_drivethru, kennysheep_small_circle, uniq_blork_the_orc
D:7:      layout_layer_cave, kennysheep_little_box, david_defended_altar_orc,
          uniq_maggie, uniq_joseph
D:8:      layout_cave_pools, lemuel_blue_sif_altar
D:9:      layout_cross, erik_lair_orcish_takeover,
          nicolae_shop_i_like_small_books_too
D:10:     layout_gridville, mainiacjoe_overflow_surrounded_room,
          minmay_misc_feat_square, worms_lemuel
D:11:     layout_stronghold, zombieorc2_lemuel, uniq_lodul, uniq_snorg
Temple:   nicolae_temple_ecumenical_triangle
Lair:1:   layout_regular_city, infiniplex_staircase_pool
Lair:2:   layout_roguey

Skill      XL: |  1  2  3  4  5  6  7  8  9 10 11 |
---------------+----------------------------------+-----
Ice Magic      | 5 6 7 9 10 12 | 12.8
Fighting       | 1 2 3 4 5 6 8 9 |  9.2
Spellcasting   | 4 8 |  8.1
Summonings     | 1 3 5 |  5.0
Stealth        | 5 |  5.1
Dodging        | 4 7 |  7.2
Transmutations | 2 3 |  3.4
Fire Magic     | 2 3 |  3.3
Poison Magic   | 2 3 |  3.3
Conjurations   | 1 |  1.6
Air Magic      | 1 2 |  2.8

Action                     |  1- 3 |  4- 6 |  7- 9 | 10-12 || total
---------------------------+-------+-------+-------+-------++-------
  Melee: Unarmed           |    10 |       |       |       ||    10
         Dagger            |    25 |    45 |   141 |   270 ||   481
         Punch             |       |       |     1 |     5 ||     6
   Cast: Freeze            |    55 |    10 |       |       ||    65
         Frozen Ramparts   |     2 |    17 |    28 |    32 ||    79
         Ozocubu's Armour  |       |     7 |    24 |    28 ||    59
         Summon Ice Beast  |       |       |    22 |    26 ||    48
         Mephitic Cloud    |       |       |       |    19 ||    19
         Ignite Poison     |       |       |       |    18 ||    18
  Evoke: Wand              |       |       |     5 |     8 ||    13
    Use: Scroll            |     3 |     4 |     6 |     9 ||    22
         Potion            |     1 |       |       |     2 ||     3
   Stab: Distracted        |     1 |       |       |       ||     1
         Sleeping          |       |     5 |     4 |     2 ||    11
         Confused          |       |       |       |     2 ||     2
 Armour: Robe              |    11 |    19 |    11 |       ||    41
         Leather armour    |       |       |    39 |   121 ||   160
  Dodge: Dodged            |    48 |    50 |   167 |   348 ||   613

Table legend: (Time is in decaauts)
 A = Elapsed time spent in this place.
 B = Non-inter-level travel time spent in this place.
 C = Inter-level travel time spent in this place.
 D = Time resting spent in this place.
 E = Time spent auto-exploring this place.
 F = Levels seen in this place.
 G = Mean time per level.
                   A        B        C        D        E       F      G
               +--------+--------+--------+--------+--------+-----+--------+
         Total |  12809 |  12112 |    697 |     31 |   9549 |  14 |  914.9 |
       Dungeon |  11225 |  10571 |    654 |     31 |   8295 |  11 | 1020.5 |
        Temple |     21 |     21 |      0 |      0 |      0 |   1 |   21.0 |
          Lair |   1562 |   1519 |     43 |      0 |   1253 |   2 |  781.0 |
               +--------+--------+--------+--------+--------+-----+--------+

Top non-repeatable levels by time:
     D:7: 1762 daAuts
    D:10: 1363 daAuts
     D:5: 1313 daAuts
     D:6: 1218 daAuts
  Lair:1: 1164 daAuts
     D:3: 1148 daAuts
     D:9: 1036 daAuts
     D:8: 876 daAuts
     D:4: 859 daAuts
     D:1: 851 daAuts
     D:2: 754 daAuts
  Lair:2: 397 daAuts
    D:11: 43 daAuts
  Temple: 21 daAuts
